 Dungeon Crawl Stone Soup version 0.23-a0-303-gfcac5de (webtiles) character file.

31 Amnesiac the Ducker (level 3, -2/22 HPs)
             Began as a Deep Elf Fighter on Oct 8, 2018.
             Slain by a worm (8 damage)
             ... on level 3 of the Dungeon.
             The game lasted 00:02:18 (563 turns).

Amnesiac the Ducker (Deep Elf Fighter)               Turns: 563, Time: 00:02:19

Health: -2/22      AC:  6    Str: 14    XL:     3   Next: 7%
Magic:  5/5        EV:  8    Int: 12    God:
Gold:   10         SH:  8    Dex: 14    Spells: 2/2 levels left

rFire    . . .     SeeInvis .   a - +0 long sword
rCold    . . .     Gourm    .   c - +0 shield
rNeg     . . .     Faith    .   b - +0 scale mail
rPois    .         Spirit   .   (no helmet)
rElec    .         Reflect  .   (no cloak)
rCorr    .         Harm     .   (no gloves)
MR       .....                  (no boots)
Stlth    ..........             e - amulet of magic regeneration
HPRegen  0.07/turn              (no ring)
MPRegen  0.34/turn              (no ring)

@: no status effects
A: no striking features
a: no special abilities


You were on level 3 of the Dungeon.
You were not hungry.

You visited 1 branch of the dungeon, and saw 3 of its levels.

You collected 10 gold pieces.

Inventory:

Hand Weapons
 a - a +0 long sword (weapon)
Missiles
 n - 40 arrows
Armour
 b - a +0 scale mail (worn)
 c - a +0 shield (worn)
Jewellery
 e - an amulet of magic regeneration (around neck)
 k - an uncursed ring of fire {unknown}
Scrolls
 g - a scroll of amnesia {!r, unknown}
 j - 2 scrolls of identify {!r, unknown}
 l - a scroll of enchant weapon {!r, unknown}
 p - 2 scrolls of enchant armour {!r, unknown}
Potions
 d - 3 potions of might {!q}
 i - a potion of mutation {!q, unknown}
 m - a potion of curing {!q, unknown}
 o - 2 potions of agility {!q, unknown}
Comestibles
 f - 3 rations
 h - 5 chunks of flesh


   Skills:
 + Level 2.5 Fighting
 - Level 2.0 Long Blades
 + Level 2.5 Armour
 - Level 2.8 Dodging
 - Level 2.4 Shields


You had 2 spell levels left.
You didn't know any spells.
Your spell library was empty.

Dungeon Overview and Level Annotations

Branches:
Dungeon (3/15)

Altars:
Nemelex Xobeh
Sif Muna

Annotations:
D:2 Sigmund


Message History

The hobgoblin shouts!
A worm comes into view.
The leopard gecko barely misses you.
You riposte.
You miss the leopard gecko. You block the leopard gecko's attack.
You hit the leopard gecko.
The leopard gecko is almost dead.
You block the leopard gecko's attack.
You slash the leopard gecko!
You kill the leopard gecko!
You have reached level 3!
Your experience leads to an increase in your attributes!
Increase (S)trength, (I)ntelligence, or (D)exterity?
You feel stronger. The giant cockroach barely misses you.
The giant cockroach closely misses you. The giant cockroach closely misses you.
You see here a ration.
You hit the giant cockroach but do no damage.
The giant cockroach bites you but does no damage.
You hit the giant cockroach.
The giant cockroach is heavily wounded.
The giant cockroach bites you but does no damage.
The giant cockroach barely misses you.
You barely miss the giant cockroach.
The giant cockroach is heavily wounded.
The giant cockroach bites you. You block the giant cockroach's attack.
Your shield and scale mail prevent you from hitting the giant cockroach.
The giant cockroach is heavily wounded.
You block the giant cockroach's attack.
You barely miss the giant cockroach.
The giant cockroach is moderately wounded.
The giant cockroach bites you. You block the giant cockroach's attack.
You barely miss the giant cockroach.
The giant cockroach is moderately wounded.
The giant cockroach barely misses you.
You riposte.
You barely miss the giant cockroach.
The giant cockroach is moderately wounded.
You barely miss the giant cockroach.
The giant cockroach is moderately wounded.
You block the giant cockroach's attack. x2
You closely miss the giant cockroach.
The giant cockroach is moderately wounded.
The giant cockroach bites you but does no damage.
The giant cockroach closely misses you.
You riposte.
You hit the giant cockroach.
You kill the giant cockroach!
You hit the worm.
The worm is lightly wounded.
The worm bites you.
You hit the worm.
The worm is lightly wounded.
You barely miss the worm.
The worm is lightly wounded.
You block the worm's attack.
You barely miss the worm.
The worm is lightly wounded.
The worm bites you.
You slash the worm!
The worm is heavily wounded.
The worm bites you!
* * * LOW HITPOINT WARNING * * *
You hit the worm.
The worm is heavily wounded.
The worm bites you!
You die...

#...._..8.._..#.#
##.#............#.
#.#..........#.#. #
#).......#.#.#..
#..#..)<......w. # #
#..##.#..#.#.#.####.#..
............#.#....>...#
#######.##.###.##........
............@wg†......
####..#.###.##........
##.#.#.......[..... #
#.##..#......$..
#.#...#.....$...
#...#.######.... #.....<
.... #.#<#.# ...


You could see a worm and a hobgoblin.

Vanquished Creatures
  An adder (D:3)
  A dart slug (D:1)
  A leopard gecko (D:3)
  2 giant cockroaches
  3 goblins
  4 hobgoblins
  A bat (D:2)
  A frilled lizard (D:1)
  2 kobolds (D:1)
  2 rats
18 creatures vanquished.

Notes
Turn   | Place    | Note
-------+----------+-------------------------------------------
     0 | D:1      | Amnesiac the Deep Elf Fighter began the quest for the Orb.
     0 | D:1      | Reached XP level 1. HP: 13/13 MP: 3/3
   124 | D:1      | Reached skill level 1 in Dodging
   179 | D:1      | Reached XP level 2. HP: 18/18 MP: 4/4
   303 | D:3      | Found a sparkling altar of Nemelex Xobeh.
   303 | D:3      | Found a deep blue altar of Sif Muna.
   531 | D:2      | Noticed Sigmund
   547 | D:3      | Reached XP level 3. HP: 18/22 MP: 5/5
   563 | D:3      | Slain by a worm

Vault maps used:
D:1:      dpeg_chamrin_arrival_tetris
D:2:      kennysheep_big_flooded_room, elyvilon_altar_3,
          lemuel_coloured_pillars_altar, uniq_sigmund
D:3:      grunt_temple_overflow_open, chequers_ecumenical_altar_twisty

Skill      XL: |  1  2 |
---------------+-------+-----
Long Blades    | 2 |  2.0
Dodging        | 1 2 |  2.8
Fighting       | |  2.5
Armour         | |  2.5
Shields        | |  2.4

Action                   || total
-------------------------++-------
Melee: Long sword        ||    65
Armor: Scale mail        ||    22
Dodge: Dodged            ||    25
Block: Shield            ||    31
       Rpst.: Long sword ||     8

Table legend:
 A = Non-vault XP
 B = Vault XP
 C = Vault XP percentage of total XP
 D = Non-vault monster count
 E = Vault monster count
 F = Vault count percentage of total count
                 A         B        C        D         E       F
            +---------+---------+-------+---------+---------+-------
      Total |      45 |       0 |   0.0 |      18 |       0 |   0.0
            +---------+---------+-------+---------+---------+-------
        D:1 |      13 |       0 |   0.0 |       7 |       0 |   0.0
        D:2 |       8 |       0 |   0.0 |       5 |       0 |   0.0
        D:3 |      24 |       0 |   0.0 |       6 |       0 |   0.0
            +---------+---------+-------+---------+---------+-------
